AoeStats
← lbaquino21

Arabian Desert

509782582Analyzed
1v1 RM · 3d ago on Sep 28, 2026· 41m 35s· 2 players
Game mode
Random Map
Map size
Tiny (2 player)
Population
200
Speed
Normal
Resources
Standard
Victory
Conquest
Starting age
Dark Age
Ending age
Imperial Age
RankedLock teamsTeams togetherTeam positionsShared explorationLock speedFull tech treeHidden civsTurbo modeCheats
Victory
Defeat
🇺🇸 Bohemians · United States
710
+14
🇧🇷 Varangians · Brazil
672
-25
lbaquino21
8:22 Loom
12:09 Feudal Age
12:50 Horse Collar
13:00 Double-Bit Axe
16:28 Wheelbarrow
20:10 Scale Barding Armor
20:20 Forging
24:14 Castle Age
27:09 Light Cavalry
28:01 Bloodlines
28:50 Stone Mining
29:22 Scale Mail Armor
29:14 Fletching
35:31 Husbandry
41:26 Vendel Legacy
Cosecant
5:43 Loom
12:11 Feudal Age
19:05 Castle Age
21:32 Double-Bit Axe
27:39 Wagenburg Tactics
28:50 Chemistry
31:09 Fervor
31:03 Man-at-Arms
31:45 Squires
31:31 Arson
32:29 Fortified Wall
32:37 Murder Holes
37:09 Imperial Age
35:34 Long Swordsman
36:23 Fletching
36:34 Padded Archer Armor
37:14 Crossbowman
40:21 Ballistics
40:13 Bodkin Arrow
40:33 Leather Archer Armor
40:29 Forging
40:25 Scale Barding Armor
40:42 Pikeman
41:36 Scale Mail Armor
Connection lost

Rejoining the realm…

Still unreachable

The connection could not be restored.

Session expired

The server has moved on; the page needs a fresh start.